 Dungeon Crawl Stone Soup version 0.31.0-11-ge490571c62 (webtiles) character file.

Game seed: 3804794953840050975

180 sanka the Ruffian (level 5, -8/53 HPs)
             Began as a Troll Monk on Jan 26, 2024.
             Was a Believer of the Shining One.
             Mangled by Menkaure (15 damage)
             ... on level 4 of the Dungeon.
             The game lasted 00:02:56 (2212 turns).

sanka the Ruffian (Troll Monk)                      Turns: 2212, Time: 00:02:57

Health: -8/53      AC:  7    Str: 19    XL:     5   Next: 33%
Magic:  0/4        EV: 10    Int:  6    God:    the Shining One [**....]
Gold:   186        SH:  0    Dex: 14    Spells: 4/4 levels left

rFire   . .          .
                       - Unarmed
rCold   . . .        (no shield)
rNeg    + . .        q - +2 animal skin
rPois   .            (helmet restricted)
rElec   .            g - +0 cloak
rCorr   .            (gloves unavailable)
SInv    .            (boots unavailable)
Will    .....        h - amulet of guardian spirit
Stlth   +            (no ring)
HPRegen 1.08/turn    (no ring)
MPRegen 0.09/turn

%: guardian spirit
@: glowing
A: large, unfitting armour, claws 3, regeneration 1, shaggy fur 1, tough skin 1
a: Renounce Religion, Divine Shield


You were on level 4 of the Dungeon.
You worshipped the Shining One.
The Shining One was pleased with you.
You visited 1 branch of the dungeon, and saw 4 of its levels.

You collected 186 gold pieces.


Innate Abilities, Weirdness & Mutations

You are too large for most types of armour.
You have claws for hands.
Your natural rate of healing is unusually fast.
You are covered in fur. (AC +1)
You have tough skin. (AC +1)


   Skills:
 - Level 3.0 Fighting
 - Level 2.4 Dodging
 + Level 5.7 Unarmed Combat


You had 4 spell levels left.
You didn't know any spells.
Your spell library contained the following spells:

 Spells                   Type           Power      Damage    Failure   Level
 Ensorcelled Hibernation  Hex/Ice        0%         N/A       58%         2
 Call Canine Familiar     Summ           0%         N/A       83%         3
 Fugue of the Fallen      Necr           0%         N/A       83%         3
 Sigil of Binding         Hex            0%         N/A       83%         3
 Anguish                  Hex/Necr       0%         N/A       99%         4
 Dimensional Bullseye     Hex/Tloc       0%         N/A       99%         4

Inventory:

Armour
 g - a +0 cloak (worn)
 q - a +2 animal skin (worn)
Jewellery
 h - an amulet of guardian spirit (around neck)
Scrolls
 c - a scroll of brand weapon {unknown}
 d - 2 scrolls of poison {unknown}
 e - a scroll of butterflies {unknown}
 f - a scroll of fear {unknown}
 i - a scroll of enchant weapon {unknown}
 j - a scroll of teleportation {unknown}
 k - a scroll of immolation {unknown}
 m - 2 scrolls of identify {unknown}
 n - a scroll of fog {unknown}
 s - a scroll of revelation {unknown}
Potions
 a - a potion of mutation {unknown}
 b - a potion of ambrosia
 l - a potion of lignification {unknown}
 o - 2 potions of heal wounds {unknown}
 p - a potion of haste {unknown}
 r - a potion of enlightenment {unknown}
 t - a potion of curing {unknown}

Dungeon Overview and Level Annotations

Branches:
Dungeon (4/15)
 Temple: D:4-7

Altars:
Trog
The Shining One

Shops:
D:1 (

Annotations:
D:4 Menkaure

▒. ▒.▒ ▒. ▒.▒
▒▒.▒▒. ▒<▒
......▒▒.▒▒▒▒▒.▒
▒.........▒
▒.▒.▒▒▒▒▒▒▒
▒$▒.▒ ▒)▒.▒
▒T▒.▒ ▒M▒)▒
▒.▒.▒ ..▒.. ▒▒▒


You could see Menkaure (fast).


Message History

You scratch the orc.
The orc is lightly wounded.
The orc barely misses you.
You claw the orc!
You kill the orc!
Menkaure calls on the powers of darkness!
The orc convulses!
The orc convulses!
Your body is wracked with pain!
The orc hits you with a +0 mace.
Things that are here:
11 gold pieces; a +0 war axe; an orc corpse You scratch the orc.
You kill the orc!
You claw the orc!
You kill the orc!
Menkaure casts a spell.
Menkaure seems to speed up.
Items here: )) [[.
Menkaure hits you!!
* * * LOW HITPOINT WARNING * * *
You claw Menkaure!
Menkaure is severely damaged.
Menkaure hits you!
* * * LOW HITPOINT WARNING * * *
You scratch Menkaure but do no damage.
Menkaure is severely damaged.
Menkaure sighs drily.
Menkaure hits you!
You die...

Action                     |  1- 3 |  4- 6 || total
---------------------------+-------+-------++-------
  Melee: Unarmed           |    82 |    48 ||   130
 Armour: Robe              |    55 |     3 ||    58
         Animal skin       |       |    17 ||    17
  Dodge: Dodged            |    27 |    17 ||    44

Levels and vault maps discovered:
D:1:      amcnicky_arrival_single_pillar, layout_loops_ring, serial_shops,
          nicolae_shop_window_shopping, dreamdust_ecumenical_altar_grove,
          minmay_ruptured
D:2:      layout_basic, basic_altar, uniq_robin, uniq_crazy_yiuf_cottage
D:3:      layout_loops_ring, lightli_temple_of_fire
D:4:      cheibrodos_pilgrimage, layout_loops_ring,
          nicolae_qazlal_general_emergency, uniq_ijyb, uniq_menkaure

Notes
Turn   | Place    | Note
-------+----------+-------------------------------------------
     0 | D:1      | sanka the Troll Monk began the quest for the Orb.
     0 | D:1      | Reached XP level 1. HP: 22/22 MP: 0/0
   144 | D:1      | Found a faded altar of an unknown god.
   309 | D:1      | Reached XP level 2. HP: 29/29 MP: 1/1
   491 | D:1      | Found Huivolel's Weapon Shoppe.
   649 | D:1      | Reached skill level 3 in Fighting
   651 | D:1      | Reached XP level 3. HP: 37/37 MP: 2/2
   811 | D:2      | Found a glowing golden altar of the Shining One.
   823 | D:2      | Reached skill level 4 in Unarmed Combat
   826 | D:2      | Noticed Robin
   837 | D:2      | Killed Robin
  1048 | D:2      | Reached XP level 4. HP: 45/45 MP: 3/3
  1200 | D:2      | Found a runed translucent door.
  1201 | D:2      | Noticed Crazy Yiuf
  1409 | D:2      | Killed Crazy Yiuf
  1513 | D:2      | Became a worshipper of the Shining One
  1513 | D:2      | Reached * piety under the Shining One
  1513 | D:2      | Reached ** piety under the Shining One
  1604 | D:3      | Reached skill level 5 in Unarmed Combat
  1809 | D:3      | Reached XP level 5. HP: 50/53 MP: 2/4
  1926 | D:3      | Found a bloodstained altar of Trog.
  2202 | D:4      | Noticed Menkaure
  2212 | D:4      | Mangled by Menkaure

Vanquished Creatures
  A jelly (D:3)
  Crazy Yiuf (D:2)
  An orc wizard (D:3)
  Robin (D:2)
  A dart slug (D:2)
  6 orcs
  5 ball pythons
  2 bats
  6 endoplasms
  3 giant cockroaches
  13 hobgoblins
  8 jackals (D:1)
  4 frilled lizards
  13 goblins
  5 kobolds
  4 rats
74 creatures vanquished.
